Map: [ESL] Goldenaura

Players

Has - Winner!

  • Race: Protoss Protoss
  • Spawn Location: 12:00

Nanami

  • Race: Protoss Protoss
  • Spawn Location: 5:00

Event: ESL SC2 Masters 2024 Spring (Regional)

VOD

Have the link to the VOD?

Description

Time

  • Played on: April 10, 2024, 7:36 a.m.
  • Length: 5:56

All games in this series

Show
View Real Time Build Order
Export as new Build Order

Has Protoss - Winner!

Build Orders: Blink Stalkers 

Get SALT Encoding   

  12  0:00  Probe  
  13  0:12  Probe  
  14  0:18  Pylon  
  14  0:24  Probe (Chrono Boost)  
  15  0:37  Gateway  
  15  0:38  Probe (Chrono Boost)  
  16  0:43  Assimilator  
  16  0:44  Probe  
  17  0:51  Assimilator  
  17  0:56  Probe (Chrono Boost)  
  18  1:08  Probe (Chrono Boost)  
  18  1:09  Gateway  
  19  1:16  Probe (Chrono Boost)  
  20  1:22  Probe  
  20  1:25  Cybernetics Core  
  21  1:36  Pylon, Probe  
  22  1:49  Probe  
  23  2:01  Warp Gate, Stalker x2  
  27  2:06  Pylon  
  27  2:08  Probe  
  28  2:25  Twilight Council  
  29  2:34  Stalker  
  29  2:35  Stalker  
  32  3:02  Blink (Chrono Boost), Nexus  
  32  3:19  Shield Battery  
  32  3:21  Probe  
  33  3:31  Gateway  
  33  3:38  Probe  
  34  3:44  Gateway  
  34  3:51  Probe  
  35  4:03  Stalker x2  
  39  4:15  Pylon  
  39  4:27  Stalker x2  
  42  4:34  Stalker  
  44  4:43  Stalker  
  46  4:58  Stalker x3  
  50  5:14  Stalker  
  41  5:26  Probe  
  42  5:30  Stalker x3  
  46  5:48  Stalker  
Show
View Real Time Build Order
Export as new Build Order

Nanami Protoss 

Build Orders: Blink Stalkers 

Get SALT Encoding   

  12  0:00  Probe  
  13  0:12  Probe  
  14  0:17  Pylon  
  14  0:24  Probe (Chrono Boost)  
  15  0:36  Probe (Chrono Boost), Gateway  
  16  0:44  Probe (Chrono Boost)  
  16  0:46  Assimilator  
  17  0:51  Probe  
  17  0:54  Assimilator  
  18  1:03  Probe (Chrono Boost)  
  19  1:08  Gateway  
  19  1:13  Probe (Chrono Boost)  
  19  1:18  Probe (Chrono Boost)  
  20  1:24  Cybernetics Core  
  21  1:29  Probe  
  22  1:34  Pylon  
  22  1:41  Probe  
  23  2:00  Stalker x2  
  23  2:01  Warp Gate  
  27  2:09  Pylon  
  27  2:15  Twilight Council  
  27  2:30  Stalker x2  
  27  2:35  Probe  
  32  2:45  Gateway  
  32  2:54  Blink (Chrono Boost)  
  31  3:10  Shield Battery  
  31  3:11  Stalker  
  33  3:15  Stalker  
  35  3:35  Pylon  
  35  3:50  Stalker x2  
  35  3:53  Gateway  
  39  3:59  Stalker  
  41  4:11  Pylon  
  41  4:14  Stalker  
  43  4:21  Stalker  
  45  4:32  Stalker  
  45  4:37  Stalker  
  49  4:52  Stalker  
  47  5:02  Stalker  
  49  5:18  Stalker x2  
  43  5:30  Stalker x2  
Tags
 
Add a new tag
Caveats
  • Supply blocks, unpowered buildings, or Contaminate may cause inaccurate times.
  • Supply counts are checked every 10 seconds.